 Dungeon Crawl Stone Soup version 0.23-a0-667-gc184e93 (webtiles) character file.

767 Blackhawk the Ruffian (level 7, 0/157 HPs)
             Began as a Troll Monk on Jan 8, 2019.
             Was a Priest of Makhleb.
             Slain by a gnoll
             ... wielding a +0 spear
              (5 damage)
             ... on level 6 of the Dungeon.
             The game lasted 00:06:32 (3015 turns).

Blackhawk the Ruffian (Troll Monk)                  Turns: 3015, Time: 00:06:33

Health: 0/157      AC: 23    Str: 26    XL:     7   Next: 52%
Magic:  6/6        EV:  1    Int:  6    God:    Makhleb [***...]
Gold:   207        SH:  4    Dex: 13    Spells: 6/6 levels left

rFire    . . .     SeeInvis .     - Unarmed
rCold    . . .     Gourm    +   (no shield)
rNeg     + + +     Faith    .   (armour currently unavailable)
rPois    +         Spirit   .   (helmet currently unavailable)
rElec    .         Reflect  +   (cloak currently unavailable)
rCorr    .         Harm     .   (gloves unavailable)
MR       .....     NoTele   +   (boots unavailable)
Stlth    ..........             c - +4 amulet of reflection
HPRegen  0.76/turn              (no ring)
MPRegen  0.10/turn              (no ring)

@: berserking (expiring), tree-form, very quick
A: large, unfitting armour, fast metabolism 3, gourmand, regeneration 1
a: Minor Destruction, Lesser Servant of Makhleb, Renounce Religion


You were on level 6 of the Dungeon.
You worshipped Makhleb.
Makhleb was most pleased with you.
You were very full.
You were a tree.
You visited 1 branch of the dungeon, and saw 6 of its levels.

You collected 207 gold pieces.

Inventory:

Missiles
 q - 2 throwing nets (quivered)
Armour
 a - a +0 robe (melded)
 d - a +2 cloak (melded)
Jewellery
 c - a +4 amulet of reflection (around neck)
 h - a +3 ring of strength {unknown}
 u - an uncursed ring of positive energy {unknown}
Scrolls
 e - a scroll of amnesia {unknown}
 g - 2 scrolls of remove curse {unknown}
 i - a scroll of magic mapping {unknown}
 j - a scroll of enchant weapon {unknown}
 k - a scroll of fear {unknown}
 m - 3 scrolls of identify {unknown}
 n - 3 scrolls of teleportation {unknown}
 o - a scroll of enchant armour {unknown}
Potions
 f - a potion of resistance {unknown}
 l - a potion of lignification
 r - a potion of invisibility {unknown}
 s - a potion of berserk rage
 t - a potion of curing {unknown}
Comestibles
 b - 11 rations
 p - 8 chunks of flesh


   Skills:
 + Level 4.2 Fighting
 + Level 3.0 Armour
 + Level 4.2 Dodging
 - Level 1.3 Stealth
 + Level 5.1 Unarmed Combat


You had 6 spell levels left.
You didn't know any spells.
Your spell library was empty.

Dungeon Overview and Level Annotations

Branches:
Dungeon (7/15)
 Temple: D:4-7

Altars:
Hepliaklqana
Makhleb
Sif Muna
Vehumet
Xom
Yredelemnul

Annotations:
D:7 Prince Ribbit


Innate Abilities, Weirdness & Mutations

You are too large for most types of armour.
((You have claws for hands.))
Your metabolism is lightning-fast.
You like to eat raw meat.
Your natural rate of healing is unusually fast.
((You are covered in fur. (AC +1)))
((You have very tough skin. (AC +2)))


Message History

It was a potion of berserk rage.
A red film seems to cover your vision as you go berserk!
You feel yourself moving faster!
You feel mighty!
The gnoll sergeant hits you from afar with a +0 spear.
* * * LOW HITPOINT WARNING * * *
The gnoll hits you but does no damage. x2
You hit the gnoll.
You kill the gnoll!
Makhleb accepts your kill.
Your Armour skill increases to level 3!
You block the gnoll sergeant's attack. The gnoll hits you but does no damage.
You cannot move.
You cannot move.
You block the gnoll sergeant's attack.
You feel a strong urge to attack something.
The gnoll hits you but does no damage.
The gnoll sergeant hits you from afar with a +0 spear.
* * * LOW HITPOINT WARNING * * *
The gnoll hits you from afar with a +0 spear.
You die...

## ..# ##.
#?#
#..##.##.#
#.......#
#>#.#
#g#.#
#g#)#
#g#♣#
#.#.#.#
#.gg..#
##.####
#.# #.#
#.# #.#
#.#


You could see a gnoll sergeant and a gnoll.

Vanquished Creatures
  An ogre (D:7)
  A centaur (D:7)
  2 bullfrogs (D:7)
  A water moccasin zombie (D:7)
  A scorpion (D:7)
  An orc wizard (D:3)
  2 orc priests (D:3)
  An iguana (D:7)
  3 worker ants
  Robin (D:3)
  4 adders
  2 gnolls (D:6)
  An adder zombie (D:7)
  4 worms
  A dart slug (D:2)
  3 leopard geckos
  16 orcs
  5 bats
  4 giant cockroaches
  10 goblins
  8 hobgoblins
  4 jackals (D:3)
  7 kobolds
  A quokka (D:3)
  A ball python (D:2)
  3 frilled lizards
  A leopard gecko skeleton (D:7)
  8 rats
97 creatures vanquished.

Notes
Turn   | Place    | Note
-------+----------+-------------------------------------------
     0 | D:1      | Blackhawk the Troll Monk began the quest for the Orb.
     0 | D:1      | Reached XP level 1. HP: 22/22 MP: 0/0
   330 | D:1      | Reached XP level 2. HP: 29/29 MP: 1/1
   756 | D:2      | Reached XP level 3. HP: 30/36 MP: 2/2
  1133 | D:2      | Found a deep blue altar of Sif Muna.
  1187 | D:2      | Found a radiant altar of Vehumet.
  1274 | D:3      | Found a hazy altar of Hepliaklqana.
  1275 | D:3      | Found a shimmering altar of Xom.
  1275 | D:3      | Noticed a hungry ghost
  1276 | D:3      | Noticed a hungry ghost
  1276 | D:3      | Noticed a spectral ugly thing
  1588 | D:3      | Found a burning altar of Makhleb.
  1601 | D:3      | Noticed a balrug
  1633 | D:3      | Noticed a smoke demon
  1633 | D:3      | Noticed a smoke demon
  1635 | D:3      | Became a worshipper of Makhleb the Destroyer
  1635 | D:3      | Reached * piety under Makhleb
  1635 | D:3      | Reached ** piety under Makhleb
  1665 | D:3      | Reached XP level 4. HP: 31/44 MP: 3/3
  1748 | D:3      | Reached skill level 1 in Armour
  1840 | D:3      | Noticed Robin
  1847 | D:3      | Killed Robin
  1850 | D:3      | Reached XP level 5. HP: 53/53 MP: 4/4
  1901 | D:3      | Reached skill level 4 in Unarmed Combat
  1996 | D:3      | Reached *** piety under Makhleb
  2391 | D:4      | Reached XP level 6. HP: 60/61 MP: 5/5
  2426 | D:4      | Found a basalt altar of Yredelemnul.
  2430 | D:4      | You fall through a shaft for 3 floors!
  2639 | D:7      | Reached XP level 7. HP: 68/68 MP: 6/6
  2838 | D:7      | Reached skill level 5 in Unarmed Combat
  2982 | D:7      | Noticed Prince Ribbit
  3009 | D:6      | HP: 2/70 [gnoll/cursed -2 whip (5)]
  3015 | D:6      | HP: 5/157 [gnoll sergeant/+0 spear (2)]
  3015 | D:6      | Slain by a gnoll

Vault maps used:
D:1:      tarquinn_simple_flora_water_d
D:2:      lemuel_round_altar, led_sif_pool
D:3:      regret_index_temple_of_mockery, makhleb_altar_promises_db,
          minmay_pentomino_pile, uniq_robin
D:4:      grunt_temple_overflow_opulence, grunt_temple_overflow_holy_war,
          evilmike_ruin_ashenzari, minmay_temple_entry_glassed_door,
          first_ration
D:6:      nicolae_ru_the_path_less_chosen, uniq_duvessa, uniq_menkaure
D:7:      uniq_prince_ribbit1

Skill      XL: |  1  2  3  4  5  6  7 |
---------------+----------------------+-----
Fighting       | 3 4 |  4.2
Dodging        | 3 4 |  4.2
Armour         | 1 2 3 |  3.0
Unarmed Combat | 4 5 |  5.1
Stealth        | |  1.3

Action                   |  1- 3 |  4- 6 |  7- 9 || total
-------------------------+-------+-------+-------++-------
Melee: Unarmed           |    94 |   180 |    48 ||   322
       Punch             |     1 |     3 |     1 ||     5
  Use: Potion            |       |       |     2 ||     2
 Stab: Sleeping          |     3 |     4 |       ||     7
  Eat: Chunk             |    16 |    12 |     4 ||    32
Armor: Robe              |    28 |    48 |    11 ||    87
       Skin              |       |       |     6 ||     6
Dodge: Dodged            |    30 |    88 |    18 ||   136
Block: Other             |    16 |    32 |     6 ||    54

Table legend:
 A = Non-vault XP
 B = Vault XP
 C = Vault XP percentage of total XP
 D = Non-vault monster count
 E = Vault monster count
 F = Vault count percentage of total count
                 A         B        C        D         E       F
            +---------+---------+-------+---------+---------+-------
      Total |    1055 |      41 |   3.7 |      84 |      13 |  13.4
            +---------+---------+-------+---------+---------+-------
        D:1 |      18 |       0 |   0.0 |       9 |       0 |   0.0
        D:2 |      55 |       0 |   0.0 |      16 |       0 |   0.0
        D:3 |     223 |      41 |  15.5 |      40 |      13 |  24.5
        D:4 |      51 |       0 |   0.0 |       3 |       0 |   0.0
        D:6 |      28 |       0 |   0.0 |       2 |       0 |   0.0
        D:7 |     680 |       0 |   0.0 |      14 |       0 |   0.0
            +---------+---------+-------+---------+---------+-------
